 Dungeon Crawl Stone Soup version 0.24.0-125-gc4c63601f3 (webtiles) character file.

Game seed: 10528824289422005537, levelgen mode: deterministic

7573 Johnny the Gelid (level 10, -12/80 HPs)
             Began as a White Draconian Ice Elementalist on Mar 4, 2020.
             Was a High Priest of Okawaru.
             Killed from afar by an ogre mage (55 damage)
             ... with a crystal spear
             ... on level 12 of the Dungeon.
             The game lasted 00:17:50 (13022 turns).

Johnny the Gelid (DrIE)                            Turns: 13022, Time: 00:17:50

Health: -12/80     AC:  9    Str: 10    XL:     10   Next: 97%
Magic:  1/29       EV: 12    Int: 19    God:    Okawaru [*****.]
Gold:   252        SH:  0    Dex: 12    Spells: 10/22 levels left

rFire    . . .     SeeInvis .   t - +2 whip (elec)
rCold    + + .     Gourm    .   (no shield)
rNeg     . . .     Faith    .   (armour unavailable)
rPois    .         Spirit   .   (helmet restricted)
rElec    .         Reflect  .   (no cloak)
rCorr    .         Harm     .   z - +0 pair of gloves
MR       .....                  G - +0 pair of boots
Stlth    ++........             (no amulet)
HPRegen  0.23/turn              H - ring of protection from cold
MPRegen  0.21/turn              B - ring of magical power

@: no status effects
A: breathe frost, unfitting armour, cold resistance 1, cold-blooded, AC +7
a: Breathe Frost, Heroism, Finesse, Renounce Religion


You were on level 12 of the Dungeon.
You worshipped Okawaru.
Okawaru was extremely pleased with you.
You were near starving.

You visited 2 branches of the dungeon, and saw 13 of its levels.

You collected 663 gold pieces.
You spent 411 gold pieces at shops.

Inventory:

Hand Weapons
 t - a +2 whip of electrocution (weapon)
 A - a +1 war axe of chopping
Armour
 z - a +0 pair of gloves (worn)
 G - a +0 pair of boots (worn)
Jewellery
 j - an uncursed ring of positive energy
 B - a ring of magical power (right hand)
 H - a ring of protection from cold (left hand)
Wands
 m - a wand of polymorph (5)
 x - a wand of flame (36)
 D - a wand of paralysis (15)
 J - a wand of disintegration (10)
 L - a wand of digging (5)
Scrolls
 d - 7 scrolls of teleportation
 e - a scroll of vulnerability
 f - 8 scrolls of magic mapping
 g - 3 scrolls of enchant armour
 i - a scroll of silence {unknown}
 n - a scroll of noise
 o - 11 scrolls of remove curse
 r - 2 scrolls of immolation {unknown}
 u - 2 scrolls of blinking
 y - a scroll of fog {unknown}
 C - a scroll of acquirement {unknown}
 F - a scroll of holy word {unknown}
 K - 2 scrolls of fear
Potions
 a - a potion of heal wounds
 c - 8 potions of lignification
 h - a potion of mutation {unknown}
 k - 5 potions of curing
 l - 4 potions of agility
 p - a potion of flight {unknown}
 q - a potion of might {unknown}
 v - a potion of haste {unknown}
 w - a potion of magic {unknown}
Comestibles
 b - 15 rations


   Skills:
 + Level 4.9 Fighting
 - Level 1.7 Dodging
 - Level 1.7 Stealth
 + Level 6.8 Spellcasting
 - Level 1.0 Conjurations
 * Level 16.6 Ice Magic


You had 10 spell levels left.
You knew the following spells:

 Your Spells              Type           Power        Failure   Level  Hunger
a - Freeze                Ice            ####         0%          1    None
b - Throw Icicle          Conj/Ice       #####...     2%          4    ####...
c - Summon Ice Beast      Ice/Summ       #####...     3%          4    ####...
d - Ozocubu's Armour      Chrm/Ice       #####...     1%          3    ##.....

Your spell library contained the following spells:

 Spells                   Type           Power        Failure   Level  Hunger
 Ensorcelled Hibernation  Hex/Ice        #####.       1%          2    None
 Throw Frost              Conj/Ice       #####.       1%          2    None
 Magic Dart               Conj           ##..         7%          1    None
 Animate Skeleton         Necr           N/A          11%         1    None
 Apportation              Tloc           #.....       11%         1    None
 Confusing Touch          Hex            #.....       11%         1    None
 Corona                   Hex            #......      11%         1    None
 Summon Small Mammal      Summ           #...         11%         1    None
 Searing Ray              Conj           ##....       11%         2    None
 Dazzling Spray           Conj/Hex       #.....       26%         3    ##.....
 Confuse                  Hex            #.......     30%         3    ##.....
 Tukima's Dance           Hex            #.......     30%         3    ##.....
 Iskenderun's Mystic Bla  Conj           ##......     56%         4    ####...
 Force Lance              Conj/Tloc      #.......     63%         4    ####...
 Fulminant Prism          Conj/Hex       #.........   63%         4    ####...


Dungeon Overview and Level Annotations

Branches:
Dungeon (12/15)            Temple (1/1) D:5            Lair (0/6) D:8
    Orc (0/2) D:11

Altars:
Ashenzari
Cheibriados
Dithmenos
Elyvilon
Fedhas
Gozag
Hepliaklqana
Kikubaaqudgha
Makhleb
Nemelex Xobeh
Okawaru
Qazlal
Ru
Sif Muna
Trog
Uskayaw
Vehumet
Wu Jian
Xom
Yredelemnul
Zin
The Shining One

Shops:
D:5 =}**   D:8 =   D:11 ?


Innate Abilities, Weirdness & Mutations

You can breathe waves of freezing cold.
You can buffet flying creatures when you breathe cold.
Your icy white scales are hard. (AC +7)
You cannot fit into any form of body armour.
Your flesh is cold resistant. (rC+)
You are cold-blooded and may be slowed by cold attacks.


Message History

Orders for allies: a - Attack new target. r - Retreat! s - Stop attacking. g - Guard the area. f - Follow me.
Anything else - Cancel.
Gang up on whom?
Press: ? - help, Dir - move target cursor, f - ogre mage
Aim: an ogre mage, wielding a -3 club and wearing a +0 robe Attack!
Your ice beast hits the ogre mage but does no damage.
Your ice beast hits the ogre mage.
Your ice beast freezes the ogre mage!
Unknown command.
The ogre mage barely misses your ice beast.
Your ice beast hits the ogre mage but does no damage. x2
The ogre mage gestures wildly while chanting.
The ogre mage blinks!
Unknown command.
The ogre mage points at you and mumbles some strange words.
The crystal spear hits you!!!
Ouch! That really hurt!
You die...

..##.<.# ##.....#..J######
..#..### ######..#####..O.....#
.#..## ###......## ..y.l...#
.#.#####...###########.{p.y...#
...###...### #.....########†#
.......### #...OY.#.....OJ#
.#####..# #>...Y.J.####### ##
##.########......###
#...[.....@.>..)#
##########......# #......#
#......# #.....># #......#
########


You could see an ogre mage, a jelly and 2 friendly ice beasts.

Vanquished Creatures
  A freezing wraith (D:11)
  A hippogriff (D:11)
  Eustachio (D:6)
  A steam dragon (D:7)
  2 orc warriors
  3 black bears
  A sky beast (D:3)
  An ice beast (D:8)
  4 ogres
  A phantom (D:4)
  A wolf (D:8)
  A wyvern zombie (D:8)
  3 bullfrogs
  A wyvern skeleton (D:11)
  4 scorpions
  3 electric eels (D:8)
  3 howler monkeys
  A crimson imp (D:7)
  2 quasits
  A bullfrog skeleton (D:4)
  A centaur skeleton (D:7)
  3 orc priests
  10 hounds
  An iguana (D:10)
  Jessica (D:3)
  7 orc wizards
  9 worker ants
  A killer bee zombie (D:6)
  2 worker ant zombies
  5 adders
  A shadow imp (D:6)
  5 oozes
  2 adder skeletons
  A worm (D:2)
  2 dart slugs
  5 leopard geckos
  22 orcs
  3 ball pythons
  5 bats (D:1)
  5 giant cockroaches
  6 goblins
  8 hobgoblins
  11 jackals
  5 kobolds
  2 quokkas
  4 frilled lizards
  6 rats
169 creatures vanquished.

Vanquished Creatures (collateral kills)
  A hydra (D:11)
  Harold (D:10)
  2 two-headed ogres
  A death knight (D:12)
  An ugly thing (D:12)
  A troll (D:8)
  A hippogriff (D:9)
  5 yaks (D:9)
  3 wyverns
  2 vampire mosquitoes (D:12)
  2 hungry ghosts (D:10)
  2 orc warriors
  Duvessa (D:6)
  A black bear (D:6)
  4 ogres
  A phantom (D:10)
  A centaur (D:10)
  A necrophage (D:7)
  A wolf (D:8)
  A big kobold (D:9)
  2 bullfrogs
  Dowan (D:6)
  3 killer bees (D:11)
  A howler monkey (D:9)
  A jelly (D:9)
  A hound (D:8)
  2 orc priests
  An iguana (D:10)
  4 orc wizards
  2 worker ants
  2 adders
  A howler monkey skeleton (D:10)
  3 shadow imps
  An adder skeleton (D:9)
  20 orcs
  6 kobolds (D:9)
84 creatures vanquished.

Grand Total: 253 creatures vanquished

Notes
Turn   | Place    | Note
-------+----------+-------------------------------------------
     0 | D:1      | Johnny the Draconian Ice Elementalist began the quest for
                  | the Orb.
     0 | D:1      | Reached XP level 1. HP: 14/14 MP: 3/3
   466 | D:1      | Reached XP level 2. HP: 20/20 MP: 5/5
  1247 | D:2      | Reached XP level 3. HP: 17/26 MP: 4/7
  2354 | D:3      | Found a shadowy altar of Dithmenos.
  2364 | D:3      | Reached skill level 4 in Ice Magic
  2384 | D:3      | Reached XP level 4. HP: 32/33 MP: 1/8
  2668 | D:3      | Noticed Jessica
  2672 | D:3      | Killed Jessica
  2884 | D:3      | Found a basalt altar of Yredelemnul.
  2884 | D:3      | Found a blossoming altar of Fedhas.
  3321 | D:4      | Reached XP level 5. HP: 19/38 MP: 5/10
  3385 | D:4      | Noticed an ogre
  3438 | D:4      | Noticed a sky beast
  3459 | D:3      | Killed a sky beast
  3459 | D:3      | Reached skill level 5 in Ice Magic
  3459 | D:3      | Reached XP level 6. HP: 27/45 MP: 6/12
  3826 | D:4      | Reached skill level 5 in Spellcasting
  3981 | D:4      | Reached skill level 6 in Ice Magic
  3981 | D:4      | Your scales start taking on an icy white colour.
  3981 | D:4      | Reached skill level 7 in Ice Magic
  3981 | D:4      | Reached XP level 7. HP: 42/50 MP: 14/14
  3981 | D:4      | Gained mutation: Your flesh is cold resistant. (rC+) [White
                  | Draconian growth]
  3987 | D:4      | Learned a level 4 spell: Throw Icicle
  3992 | D:4      | Learned a level 4 spell: Summon Ice Beast
  4283 | D:5      | Entered Level 5 of the Dungeon
  4283 | D:5      | Found Kuaps's Jewellery Boutique.
  4361 | D:4      | Reached skill level 8 in Ice Magic
  4625 | D:5      | Reached skill level 9 in Ice Magic
  4749 | D:5      | Found Fettuseu's General Store.
  4763 | D:5      | Bought a scroll of magic mapping for 49 gold pieces
  4810 | D:5      | Found a radiant altar of Vehumet.
  4819 | D:5      | Found Uni Fopt's Assorted Antiques.
  4881 | D:5      | Found Baippiz's Gadget Emporium.
  4914 | D:5      | Found a staircase to the Ecumenical Temple.
  5226 | D:5      | Found a white marble altar of Elyvilon.
  5523 | D:6      | Reached skill level 10 in Ice Magic
  5523 | D:6      | Reached XP level 8. HP: 56/57 MP: 0/15
  5759 | D:6      | Found a shimmering blue altar of Sif Muna.
  5940 | D:6      | Noticed Eustachio
  5958 | D:6      | Killed Eustachio
  5958 | D:6      | Reached skill level 11 in Ice Magic
  6122 | D:6      | Found a bloodstained altar of Trog.
  6122 | D:6      | Found a stormy altar of Qazlal.
  6123 | D:6      | Found a sacrificial altar of Ru.
  6179 | D:6      | Noticed Duvessa
  6181 | D:6      | Noticed Dowan
  6418 | D:6      | Killed Dowan
  6428 | D:6      | Killed Duvessa
  6531 | Temple   | Entered the Ecumenical Temple
  6685 | Temple   | Became a worshipper of Warmaster Okawaru
  6802 | D:6      | Reached skill level 12 in Ice Magic
  7521 | D:7      | Reached XP level 9. HP: 62/62 MP: 8/16
  7586 | D:7      | Found a glowing silver altar of Zin.
  7771 | D:7      | Reached * piety under Okawaru
  7919 | D:7      | Learned a level 3 spell: Ozocubu's Armour
  8034 | D:8      | Reached skill level 13 in Ice Magic
  8035 | D:8      | Noticed a two-headed ogre
  8044 | D:8      | Killed a two-headed ogre
  8338 | D:8      | Reached skill level 14 in Ice Magic
  8352 | D:8      | Noticed a troll
  8377 | D:8      | Killed a troll
  8377 | D:8      | Reached ** piety under Okawaru
  8784 | D:8      | Found a staircase to the Lair.
  8864 | D:8      | Found Fex Deag's Jewellery Emporium.
  8867 | D:8      | Bought an uncursed ring of magical power for 280 gold
                  | pieces
  9041 | D:8      | Reached skill level 15 in Ice Magic
  9444 | D:9      | Reached *** piety under Okawaru
  9562 | D:9      | Reached skill level 1 in Fighting
  9682 | D:9      | Reached XP level 10. HP: 57/71 MP: 9/18
 10242 | D:9      | Found a glowing golden altar of the Shining One.
 10290 | D:9      | Noticed a two-headed ogre
 10303 | D:9      | Killed a two-headed ogre
 10631 | D:10     | Entered Level 10 of the Dungeon
 10643 | D:10     | Noticed Harold
 11232 | D:10     | Reached **** piety under Okawaru
 11299 | D:10     | Killed Harold
 11737 | D:11     | Reached skill level 16 in Ice Magic
 11905 | D:11     | Noticed a four-headed hydra
 11913 | D:11     | Killed a four-headed hydra
 11978 | D:11     | Reached ***** piety under Okawaru
 11978 | D:11     | Received a gift from Okawaru
 12328 | D:11     | Found a staircase to the Orcish Mines.
 12511 | D:11     | Found Keymol's Magic Scroll Emporium.
 12515 | D:11     | Bought a scroll of fear for 52 gold pieces
 12515 | D:11     | Bought a scroll of identify for 30 gold pieces
 12751 | D:12     | Noticed a brown ugly thing
 12778 | D:12     | Killed a brown ugly thing
 12955 | D:12     | Noticed a death knight
 12955 | D:12     | Noticed an ogre mage
 13018 | D:12     | Killed a death knight
 13022 | D:12     | Killed from afar by an ogre mage

Levels and vault maps discovered:
D:1:      lemuel_arrival_behind_the_door_small, layout_loops_ring
D:2:      layout_basic, first_ration
D:3:      layout_rooms, gammafunk_temple_overflow_wave,
          grunt_dithmenos_smoke_and_mirrors, uniq_jessica
D:4:      layout_rooms, st_stairs_12
D:5:      layout_rooms, minmay_temple_entry_glassed_door, serial_shops,
          shop_statue, nicolae_shop_statue_plus, nicolae_shop_crystal, shop,
          hangedman_feature_mirror, zaba_anthole
D:6:      layout_gridville, gammafunk_temple_overflow_claw,
          lemuel_altar_in_water, uniq_duvessa, uniq_eustachio
D:7:      layout_loops_corners, lemuel_round_altar
D:8:      layout_loops_ring, erik_lair_island, serial_shops, nicolae_shop_trees
D:9:      layout_small_grid, tso_metal_star
D:10:     layout_rooms, uniq_harold
D:11:     layout_grid_maze, orc_0_dummy, serial_shops, shop_fountains
D:12:     minmay_shrinking_squares, layout_rooms, eino_tiny_chamber
Temple:   regret_index_temple_waves

Skill      XL: |  1  2  3  4  5  6  7  8  9 10 |
---------------+-------------------------------+-----
Spellcasting   | 3 4 5 6 |  6.8
Ice Magic      | 4 5 7 10 12 15 16 | 16.6
Fighting       | 1 4 |  4.9
Dodging        | |  1.7
Stealth        | |  1.7
Conjurations   | |  1.0

Action                   |  1- 3 |  4- 6 |  7- 9 | 10-12 || total
-------------------------+-------+-------+-------+-------++-------
Melee: Unarmed           |   136 |    51 |       |       ||   187
       Tailslap          |    18 |    14 |    22 |    12 ||    66
       Whip              |       |    20 |   237 |    91 ||   348
 Cast: Freeze            |    36 |    77 |    90 |     6 ||   209
       Throw Icicle      |       |       |    13 |       ||    13
       Summon Ice Beast  |       |       |    47 |    91 ||   138
       Ozocubu's Armour  |       |       |     1 |     3 ||     4
Evoke: Wand              |       |     2 |    12 |       ||    14
       Sack of spiders   |       |       |       |     2 ||     2
  Use: Potion            |       |     2 |     3 |       ||     5
       Scroll            |       |       |     9 |     6 ||    15
 Stab: Sleeping          |     3 |     1 |     1 |     1 ||     6
       Paralysed         |       |     4 |     5 |       ||     9
       Distracted        |       |       |     1 |     2 ||     3
  Eat: Chunk             |     3 |     7 |    20 |    19 ||    49
       Ration            |       |       |     2 |     1 ||     3
Armor: Skin              |    53 |    53 |   140 |    44 ||   290
Dodge: Dodged            |   124 |   112 |   279 |    80 ||   595
